 Dungeon Sprint DCSS version 0.27.1-34-g3ba077fa99 (webtiles) character file.

Game seed: 12228519589080844385

139 boopmooplesden the Skirmisher (level 5, 0/52 HPs)
             Began as a Minotaur Fighter on Jan 3, 2022.
             Was a Believer of Okawaru.
             Slain by a gnoll (8 damage)
             ... in the Dungeon (Sprint VII: "The Pits").
             The game lasted 00:00:40 (96 turns).

boopmooplesden the Skirmisher (Minotaur Fighter)      Turns: 96, Time: 00:00:41

Health: 0/52       AC: -4    Str: 21    XL:     5   Next: 1%
Magic:  4/4        EV:  8    Int:  5    God:    Okawaru [**....]
Gold:   0          SH: 10    Dex: 10    Spells: 4/4 levels left

rFire    . . .     SeeInvis .   k - +2 falchion
rCold    . . .     Faith    .   c - +0 kite shield
rNeg     . . .     Spirit   .   b - +0 scale mail
rPois    .         Reflect  .   (helmet restricted)
rElec    .         Harm     .   (no cloak)
rCorr    .         Rampage  .   (no gloves)
Will     .....     NoTele   +   (no boots)
Stlth    ..........             (no amulet)
HPRegen  0.17/turn              (no ring)
MPRegen  0.09/turn              (no ring)

@: corroded
A: horns 2, retaliatory headbutt
a: Renounce Religion, Heroism


You were in the Dungeon.
You worshipped Okawaru.
Okawaru was pleased with you.
You visited 1 branch

Inventory:

Hand Weapons
 a - a +0 long sword
 k - a +2 falchion (weapon)
Armour
 b - a +0 scale mail (worn)
 c - a +0 kite shield (worn)
Scrolls
 j - a scroll of blinking
 m - 5 scrolls of amnesia
 n - a scroll of summoning
Potions
 d - a potion of might
 g - a potion of haste
 h - 4 potions of magic
 i - 3 potions of berserk rage
 l - 2 potions of invisibility


   Skills:
 + Level 7.6 Fighting
 + Level 5.7 Long Blades
 + Level 6.9 Armour
 + Level 7.1 Shields


You had 4 spell levels left.
You didn't know any spells.
Your spell library was empty.

Dungeon Overview and Level Annotations

Branches:
Dungeon (1/1)

Altars:
Ashenzari
Cheibriados
Dithmenos
Elyvilon
Fedhas
Gozag
Hepliaklqana
Kikubaaqudgha
Makhleb
Nemelex Xobeh
Okawaru
Qazlal
Ru
Sif Muna
Trog
Uskayaw
Vehumet
Wu Jian
Xom
Yredelemnul
Zin
The Shining One
Beogh
Jiyva
Lugonu


Innate Abilities, Weirdness & Mutations

You have a pair of horns on your head.
You reflexively headbutt those who attack you in melee.


Message History

You slash the adder!
You kill the adder!
Okawaru accepts your kill.
You feel sick.
The gnoll hits you from afar with a +0 spear.
You block the jelly's attack. The gnoll hits you but does no damage.
You slash the jelly! The acid corrodes you!
Your hands burn!
The jelly is severely wounded.
You feel sick. The jelly hits you. The acid corrodes you!
You are splashed with acid!
The gnoll hits you from afar with a +0 spear.
You hit the jelly.
Your hands burn!
You headbutt the jelly, but do no damage.
The jelly is almost dead.
You feel sick. You block the jelly's attack. You block the gnoll's attack.
You feel much better.
You feel sick. The jelly hits you. The acid corrodes you!
You are splashed with acid!
The gnoll hits you from afar with a +0 spear.
You hit the jelly but do no damage.
Your hands burn!
You headbutt the jelly.
You kill the jelly!
Okawaru accepts your kill.
You feel sick.
The gnoll hits you from afar with a +0 spear!
* * * LOW HITPOINT WARNING * * *
Your Shields skill increases to level 7!
You have reached level 5!
You feel better. The endoplasm freezes you.
You are frozen.
You block the gnoll's attack.
You hit the endoplasm but do no damage. The endoplasm barely misses you.
You block the gnoll's attack. You block the endoplasm's attack.
You slash the endoplasm!
You kill the endoplasm!
Okawaru accepts your kill. The gnoll barely misses you.
The gnoll completely misses you. The gnoll hits you with a +0 spear!
* * * LOW HITPOINT WARNING * * *
There is an open door here.
You barely miss the gnoll. The gnoll hits you with a +0 spear!
You die...

##########.##........
#...........'........
+#####'#####......#.
#..#..# #........
#..†..# ####'####
#..#### #.......#
#..#..# #.......#
#..#.J# #.......#
##@#..#+###...<...#
#..g.....##.......#
#........##.......#
###########.......#
#########


You could see a gnoll.

Vanquished Creatures
  A floating eye (D)
  A jelly (D)
  An adder (D)
  An endoplasm (D)
  A giant cockroach (D)
  2 ball python skeletons (D)
  A bat (D)
  A quokka zombie (D)
9 creatures vanquished.

Notes
Turn   | Place    | Note
-------+----------+-------------------------------------------
     0 | D        | boopmooplesden the Minotaur Fighter began the quest for the
                  | Orb.
     0 | D        | Reached XP level 1. HP: 19/19 MP: 0/0
    39 | D        | Found a glowing golden altar of the Shining One.
    39 | D        | Found a glowing silver altar of Zin.
    39 | D        | Found a basalt altar of Yredelemnul.
    39 | D        | Found a shimmering altar of Xom.
    39 | D        | Found an ornate altar of the Wu Jian Council.
    39 | D        | Found a bloodstained altar of Trog.
    39 | D        | Found a shimmering blue altar of Sif Muna.
    39 | D        | Found a sacrificial altar of Ru.
    39 | D        | Found a stormy altar of Qazlal.
    39 | D        | Found an iron altar of Okawaru.
    39 | D        | Found a sparkling altar of Nemelex Xobeh.
    39 | D        | Found a burning altar of Makhleb.
    39 | D        | Found a viscous altar of Jiyva.
    39 | D        | Found a hazy altar of Hepliaklqana.
    39 | D        | Found an opulent altar of Gozag.
    39 | D        | Found a blossoming altar of Fedhas.
    39 | D        | Found a white marble altar of Elyvilon.
    39 | D        | Found a shadowy altar of Dithmenos.
    39 | D        | Found a snail-covered altar of Cheibriados.
    41 | D        | Found a corrupted altar of Lugonu.
    41 | D        | Found a radiant altar of Vehumet.
    42 | D        | Found an ancient bone altar of Kikubaaqudgha.
    42 | D        | Found a hide-covered altar of Uskayaw.
    42 | D        | Found a broken altar of Ashenzari.
    46 | D        | Became a worshipper of Warmaster Okawaru
    70 | D        | Noticed a floating eye
    74 | D        | Killed a floating eye
    74 | D        | Reached * piety under Okawaru
    74 | D        | Reached ** piety under Okawaru
    75 | D        | Reached skill level 5 in Long Blades
    75 | D        | Reached XP level 2. HP: 33/34 MP: 1/1
    75 | D        | Reached XP level 3. HP: 38/39 MP: 2/2
    75 | D        | Reached XP level 4. HP: 46/47 MP: 3/3
    92 | D        | Reached XP level 5. HP: 12/52 MP: 4/4
    96 | D        | Slain by a gnoll

Illustrated notes

Levels and vault maps discovered:
D:        pitsprint [storerooms_1, entrance_room_1, metal_vault_5, armoury_2,
          mini_pit_1, grid_room_1, main_hall_1, silver_pit, the_coven_3,
          the_vestibule_1, steel_vault_1, golden_pit, hallway_of_sentries,
          crystal_vault_3, iron_vault_2, final_vault]

Skill      XL: |  1  2  3  4 |
---------------+-------------+-----
Fighting       | 7 |  7.6
Armour         | 6 |  6.9
Shields        | 6 7 |  7.1
Long Blades    | 5 |  5.7

Action                   |  1- 3 |  4- 6 || total
-------------------------+-------+-------++-------
Melee: Falchion          |     9 |    12 ||    21
       Headbutt          |     2 |     2 ||     4
       Long sword        |     2 |       ||     2
  Use: Potion            |       |     2 ||     2
Armor: Scale mail        |     4 |     3 ||     7
Dodge: Dodged            |     5 |     5 ||    10
Block: Kite shield       |     9 |     9 ||    18
       Rpst.: Falchion   |     2 |       ||     2
